 Dungeon Crawl Stone Soup version 0.29-a0-284-gf9362112df (webtiles) character file.

Game seed: 6245047053229513368

61 siradein the Bolt Thrower (level 3, -2/27 (31) HPs)
             Began as a Minotaur Hunter on Mar 17, 2022.
             Slain by a gnoll
             ... wielding a +2 flail of draining
              (10 damage)
             ... on level 1 of the Dungeon.
             The game lasted 00:02:43 (1318 turns).

siradein the Bolt Thrower (Minotaur Hunter)         Turns: 1318, Time: 00:02:44

HP:   -2/27 (31)    AC:  5    Str: 15    XL:     3   Next: 83%
MP:   2/2           EV: 12    Int:  6    God:
Gold: 69            SH:  0    Dex: 15    Spells: 2/2 levels left

rFire   . . .      SeeInvis .   b - +0 dagger (venom)
rCold   . . .      Faith    .   (no shield)
rNeg    . . .      Spirit   .   h - +0 leather armour
rPois   .          Reflect  .   (helmet restricted)
rElec   .          Harm     .   e - +0 cloak
rCorr   .          Rampage  .   i - +0 pair of gloves
Will    .....                   (no boots)
Stlth   +.........              (no amulet)
HPRegen 0.09/turn               (no ring)
MPRegen 0.08/turn               (no ring)

@: heavily drained
A: horns 2, retaliatory headbutt
a: no special abilities


You were on level 1 of the Dungeon.
You visited 1 branch of the dungeon, and saw 2 of its levels.

You collected 69 gold pieces.

Inventory:

Hand Weapons
 a - a +1 hand crossbow
 b - a +0 dagger of venom (weapon)
Armour
 e - a +0 cloak (worn)
 h - a +0 leather armour (worn)
 i - a +0 pair of gloves (worn)
Scrolls
 c - a scroll of immolation
 f - 2 scrolls of identify {unknown}
 j - a scroll of noise {unknown}
Potions
 d - a potion of curing {unknown}
 g - a potion of magic {unknown}


   Skills:
 + Level 3.5 Fighting
 + Level 5.0 Crossbows
 + Level 3.2 Dodging
 - Level 0.7 Stealth


You had 2 spell levels left.
You didn't know any spells.
Your spell library was empty.

Dungeon Overview and Level Annotations

Branches:
Dungeon (2/15)

Altars:

Shops:
D:2 *


Innate Abilities, Weirdness & Mutations

You have a pair of horns on your head.
You reflexively headbutt those who attack you in melee.


Message History

The ball python hisses angrily.
A hobgoblin comes into view.
The ball python misses you. The ball python grabs you.
The ball python constricts you.
* * * LOW HITPOINT WARNING * * *
You escape the ball python's grasp.
The ball python attacks as you move away!
The ball python closely misses you. The ball python closely misses you.
You furiously retaliate!
You headbutt the ball python!
You kill the ball python!
There is a stone staircase leading up, spattered with blood here.
You climb upwards.
There is a stone staircase leading down here.
Your +0 dagger of venom stops dripping with poison.
a - a +1 hand crossbow (weapon)
You start resting.
HP restored.
Your +0 dagger of venom begins to drip with poison!
b - a +0 dagger of venom (weapon)
You climb downwards.
The quokka closely misses you. You furiously retaliate!
You headbutt the quokka!
You kill the quokka!
The gnoll hits you with a +2 flail of draining!
You feel drained.
There is a stone staircase leading up, spattered with blood here.
The gnoll barely misses you. The kobold hits you but does no damage.
You climb upwards.
There is a stone staircase leading down here.
You closely miss the gnoll. You headbutt the gnoll.
The gnoll is moderately wounded.
The kobold hits you but does no damage.
The gnoll hits you with a +2 flail of draining!
You feel drained.
* * * LOW HITPOINT WARNING * * *
The worm barely misses you. The kobold attacks as you move away!
The kobold misses you. The gnoll attacks as you move away!
The gnoll hits you with a +2 flail of draining!
You die...

#.......###
#.... #####...#
#########....
#.....###
#............
#.####(.###
#.#######....
#.###.....###.#
#####
#.##.^.....##.#
#.#.........#.#
#.............#
#
#...^..^@..[.##
#
#......wKg...#
#
#.#.^.......##
# #.##.......##
# #.###^....##
# #.#####..## #
#.......## #
######### #


You could see a worm, a gnoll and a kobold.

Vanquished Creatures
  A gnoll (D:2)
  2 worms (D:2)
  6 ball pythons
  3 endoplasms
  A giant cockroach (D:1)
  8 goblins
  2 hobgoblins (D:1)
  2 jackals (D:1)
  2 quokkas
  4 bats
  5 kobolds
  5 rats
41 creatures vanquished.

Notes
Turn   | Place    | Note
-------+----------+-------------------------------------------
     0 | D:1      | siradein the Minotaur Hunter began the quest for the Orb.
     0 | D:1      | Reached XP level 1. HP: 18/18 MP: 0/0
    65 | D:1      | Reached XP level 2. HP: 25/25 MP: 1/1
   182 | D:1      | Found a faded altar of an unknown god.
   728 | D:1      | Reached XP level 3. HP: 31/31 MP: 2/2
  1016 | D:2      | Found Ruxom's Assorted Antiques.
  1054 | D:2      | Reached skill level 5 in Crossbows
  1318 | D:1      | Slain by a gnoll

Illustrated notes

Levels and vault maps discovered:
D:1:      tarquinn_simple_flora_water_d, layout_basic,
          hellmonk_ecumenical_altar_run_dry, corexii_item_surrounded_by_moat,
          nicolae_wormholes
D:2:      layout_rooms, serial_shops, nicolae_shop_waterfront, basic_altar

Skill      XL: |  1  2  3 |
---------------+----------+-----
Fighting       | 3 |  3.5
Dodging        | 3 |  3.2
Crossbows      | 5 |  5.0
Stealth        | |  0.7

Action                   || total
-------------------------++-------
Melee: Dagger            ||    18
       Headbutt          ||     2
 Fire: Hand crossbow     ||    74
Armor: Leather armour    ||    33
Dodge: Dodged            ||    57

Table legend: (Time is in decaauts)
 A = Elapsed time spent in this place.
 B = Non-inter-level travel time spent in this place.
 C = Inter-level travel time spent in this place.
 D = Time resting spent in this place.
 E = Time spent auto-exploring this place.
 F = Levels seen in this place.
 G = Mean time per level.
                   A        B        C        D        E       F      G
               +--------+--------+--------+--------+--------+-----+--------+
         Total |   1337 |   1304 |     33 |    226 |    781 |   2 |  668.5 |
       Dungeon |   1337 |   1304 |     33 |    226 |    781 |   2 |  668.5 |
               +--------+--------+--------+--------+--------+-----+--------+

Top non-repeatable levels by time:
     D:1: 1124 daAuts
     D:2: 213 daAuts
